AoeStats
← meditator27

Black Forest

503278723Analyzed
4v4 RM · 1mo ago on Aug 30, 2026· 40m 21s· 8 players
Game mode
Random Map
Map size
Large (8 player)
Population
200
Speed
Normal
Resources
Standard
Victory
Conquest
Starting age
Dark Age
Ending age
Imperial Age
RankedLock teamsTeams togetherTeam positionsShared explorationLock speedFull tech treeHidden civsTurbo modeCheats
Victory
Defeat
🇪🇸 Khmer · Spain
1262
+14
🇦🇷 Maya · Argentina
1239
+15
🇦🇷 Portuguese · Argentina
1185
+18
🇻🇪 Bohemians · Venezuela
1130
+20
🇮🇳 Hindustanis · India
1235
-17
🇦🇺 Britons · Australia
1233
-17
🇹🇼 Bohemians · Taiwan
1222
-17
🇺🇸 Persians · United States
1209
-16
OL noken
12:11 Feudal Age
15:50 Castle Age
14:43 Gold Mining
17:30 Double-Bit Axe
17:32 Horse Collar
21:01 Bloodlines
20:51 Husbandry
21:40 Forging
23:31 Iron Casting
25:49 Scale Barding Armor
26:27 Stone Mining
27:12 Bow Saw
27:15 Heavy Plow
27:39 Chain Barding Armor
28:23 Wheelbarrow
30:28 Hand Cart
30:00 Loom
34:55 Imperial Age
35:43 Caravan
36:23 Plate Barding Armor
36:49 Blast Furnace
35:12 Cavalier
38:03 Conscription
38:11 Fletching
38:22 Padded Archer Armor
38:49 Bodkin Arrow
40:02 Bracer
40:17 Leather Archer Armor
39:31 Light Cavalry
BjornLothbrok
11:58 Feudal Age
17:03 Castle Age
15:09 Double-Bit Axe
15:25 Fishing Lines
17:56 Bow Saw
18:07 Gillnets
20:09 Medium Warships
22:19 Horse Collar
23:19 Fervor
24:23 Wheelbarrow
29:20 Imperial Age
28:15 Chemistry
28:11 Sanctity
29:00 Redemption
29:23 Treadmill Crane
29:26 Houfnice
30:50 Block Printing
31:11 Theocracy
31:01 Illumination
31:30 Padded Archer Armor
32:16 Siege Engineers
32:49 Wagenburg Tactics
32:49 Hussite Reforms
33:05 Conscription
33:44 Masonry
35:42 Two-Man Saw
35:11 Leather Archer Armor
35:40 Bombard Tower
35:52 Architecture
35:43 Ballistics
35:13 Fletching
36:12 Bodkin Arrow
36:47 Ring Archer Armor
36:39 Capped Ram
39:20 Bracer
Havvah
0:41 Loom
24:25 Feudal Age
25:01 Double-Bit Axe
24:58 Horse Collar
26:23 Wheelbarrow
31:40 Castle Age
29:36 Fletching
35:04 Elite Skirmisher
35:57 Bodkin Arrow
35:42 Elite Skirmisher
37:08 Padded Archer Armor
{ST}Joker
0:27 Loom
13:09 Feudal Age
17:33 Castle Age
18:19 Fletching
24:58 Double-Bit Axe
25:26 Horse Collar
27:14 Crossbowman
28:54 Bow Saw
29:07 Heavy Plow
31:12 Ballistics
31:01 Bodkin Arrow
31:35 Padded Archer Armor
33:32 Thumb Ring
36:38 Leather Archer Armor
38:52 Wheelbarrow
42:19 Imperial Age
40:18 Gold Mining
40:19 Stone Mining
ANIPerfect
11:38 Feudal Age
11:49 Man-at-Arms
15:35 Wheelbarrow
16:26 Horse Collar
16:33 Double-Bit Axe
25:08 Castle Age
23:48 Gold Mining
23:50 Stone Mining
27:50 Hand Cart
28:45 Heavy Plow
28:58 Bow Saw
29:48 Gold Mining
30:35 Stone Shaft Mining
33:16 Gold Shaft Mining
37:29 Imperial Age
36:34 Bloodlines
36:24 Husbandry
37:59 Forging
37:49 Scale Mail Armor
37:13 Cavalier
meditator27
3:56 Loom
13:18 Feudal Age
14:15 Double-Bit Axe
14:37 Man-at-Arms
16:03 Arson
18:57 Horse Collar
23:17 Castle Age
24:52 Bow Saw
26:56 Wheelbarrow
34:18 Imperial Age
33:28 Heavy Plow
33:53 Hand Cart
37:08 Imperial Age
40:17 Imperial Age
gob b
11:33 Feudal Age
15:25 Castle Age
14:24 Double-Bit Axe
14:21 Horse Collar
14:33 Gold Mining
15:56 Stone Mining
17:49 Wheelbarrow
18:14 Bow Saw
22:14 Loom
23:16 Hand Cart
30:17 Imperial Age
29:36 Ballistics
29:55 Padded Archer Armor
30:25 Heavy Plow
31:11 Shatagni
32:19 Chemistry
33:01 Two-Man Saw
32:48 Leather Archer Armor
34:13 Ring Archer Armor
37:38 Masonry
BeardyNath
1:25 Loom
18:32 Feudal Age
19:09 Double-Bit Axe
19:07 Horse Collar
19:11 Fishing Lines
23:22 Wheelbarrow
27:27 Castle Age
31:46 Imperial Age
30:17 Bow Saw
30:16 Fletching
30:47 Caravan
30:59 Bodkin Arrow
31:42 Padded Archer Armor
33:21 Bracer
34:28 Leather Archer Armor
36:17 Ballistics
40:46 Siege Engineers
41:42 Chemistry
Connection lost

Rejoining the realm…

Still unreachable

The connection could not be restored.

Session expired

The server has moved on; the page needs a fresh start.